Unix NetHack Version 5.0.0-0 post-release - last build Jun 10 2026 00:39:30 (3ee93aec679c4c4259841fe613dc97188e26a321,branch:main).

Game began 2026-06-13 20:52:51, ended 2026-06-13 21:37:17.

LDaviesPeters, neutral female human Archeologist

                  .|.
                  ....
                  -.......
                 --.@)..[..
                --<.....%).
               --..........
               |.......--
               --.--.-
                ---
LDaviesPeters the Investigator  St:11 Dx:10 Co:16 In:18 Wi:13 Ch:10  Neutral
Dlvl:5  $:0  HP:0(53) Pw:31(31) AC:7  Xp:6 T:4227 

Latest messages:
 The dwarf hits!
 You kill the dwarf!
 The dwarf swings his pick-axe.
 The dwarf hits!
 You lash the dwarf!
 The dwarf swings his pick-axe.
 The dwarf hits!
 You kill the dwarf!
 The gnomish wizard points at you, then curses.
 You miss the gnomish wizard.
 The gnomish wizard points at you, then curses.
 You are almost hit by a dart.
 You lash the gnomish wizard.
 The gnomish wizard points all around, then curses.
 You are hit by a dart.
 You miss the gnomish wizard.
 The gnomish wizard points all around, then curses.
 A thonged club misses you.
 The thonged club returns to its hand!
 You miss the gnomish wizard.
 The gnomish wizard points all around, then curses.
 You are almost hit by a crossbow bolt.
 You are hit by a crossbow bolt.
 The gnome picks up a dart.
 You lash the gnomish wizard.
 The gnomish wizard points at you, then curses.
 You lash the gnomish wizard!
 The air crackles around the gnomish wizard.
 The gnome hits!
 You kill the gnomish wizard!
 Welcome to experience level 6.
 The gnome hits!
 You lash the gnome.
 The gnome hits!
 You kill the gnome!
 There are several objects here.
 You are hit by a thonged club.
 You are hit by a crossbow bolt.
 You are hit by a crossbow bolt.
 You lash the gnome!
 The gnome swings her thonged club.
 The gnome hits!
 You kill the gnome!
 There is a gnome corpse here; eat it? [ynq] (n) y
 This gnome corpse is gamey.
 You are almost hit by a crossbow bolt.
 You stop eating the gnome corpse.
 You are hit by a crossbow bolt.
 You die...
 Do you want your possessions identified? [ynq] (y) q

Inventory:
 Weapons  (')')
  A - 19 +0 darts
  q - a +0 orcish dagger
  a - a +2 bullwhip (weapon in right hand)
 Armor    ('[')
  o - an uncursed +0 orcish helm (being worn)
  Q - an uncursed +0 pair of elven boots (being worn)
  h - an uncursed +0 leather jacket (being worn)
 Comestibles  ('%')
  d - 4 uncursed food rations
  D - 2 uncursed lembas wafers
  k - 2 uncursed pancakes
  C - an uncursed tripe ration
 Rings    ('=')
  J - an uncursed ring of free action (on left hand)
 Wands    ('/')
  x - a wand of magic missile (0:1)
 Tools    ('(')
  b - an uncursed sack containing 14 items
  i - a magic marker (0:20)
  p - a +0 pick-axe (alternate weapon; not wielded)
  R - an uncursed stethoscope
  f - a tinning kit (0:82)
 Gems/Stones  ('*')
  g - an uncursed touchstone

Contents of the sack:
  202 gold pieces
  a blessed +0 pair of high boots
  2 uncursed scrolls of blank paper
  an uncursed scroll of enchant weapon
  a blessed scroll of identify
  an uncursed scroll of identify
  a cursed scroll of identify
  a blessed scroll of light
  a blessed scroll of punishment
  an uncursed spellbook of identify
  an uncursed potion of gain energy
  an uncursed potion of sickness
  a cursed ring of stealth named Cursed
  a cursed ring of regeneration named Cursed

LDaviesPeters the Archeologist's attributes:

Background:
 You were an Investigator, a level 6 female human Archeologist.
 You were neutral, on a mission for Camaxtli
 who was opposed by Quetzalcoatl (lawful) and Huhetotl (chaotic).
 You were right-handed.
 You were in the Gnomish Mines, on level 5.
 You entered the dungeon 4227 turns ago.
 You had 346 experience points, 294 more were needed to attain level 7.

Basics:
 You had 0 out of 53 hit points.
 You had all 31 energy points (spell power).
 Your armor class was 7.
 Your wallet was empty, but
 you had 202 zorkmids stashed away in your pack.
 Autopickup was off.

Final Characteristics:
 Your strength was 11 (limit:18/100).
 Your dexterity was 10 (limit:18).
 Your constitution was 16 (limit:18).
 Your intelligence was 18 (limit:18).
 Your wisdom was 13 (limit:18).
 Your charisma was 10 (limit:18).

Final Status:
 You weren't hungry.
 You were unencumbered.
 You were wielding a whip.
 You were skilled in whip.

Final Attributes:
 You were piously aligned.
 You were telepathic.
 You had automatic searching.
 You were stealthy.
 You had free action.
 You are dead.

Miscellaneous:
 You didn't encounter any bones levels.
 Total elapsed playing time was 44 minutes and 26 seconds.

Major events:
 Turn
    1: LDaviesPeters the neutral female human Archeologist entered the dungeon
 1289: entered the Gnomish Mines
 1301: attained the rank of Field Worker (level 3)
 4214: attained the rank of Investigator (level 6)
 4227: killed by a crossbow bolt

Spells:
 Name                 Level Category     Fail Retention
 remove curse           3   clerical      96%  76%-100%
 identify               3   divination    96%  76%-100%
 cause fear             3   enchantment   96%  76%-100%
 haste self             3   escape        96%  76%-100%

Skills:
 Fighting Skills
   bare handed combat [Unskilled]
   two weapon combat  [Unskilled]
   riding             [Unskilled]
 Weapon Skills
   dagger             [Unskilled]
   knife              [Unskilled]
   pick-axe           [Basic]
   short sword        [Unskilled]
   saber              [Unskilled]
   club               [Unskilled]
   quarterstaff       [Unskilled]
   sling              [Unskilled]
   dart               [Unskilled]
   boomerang          [Unskilled]
   whip               [Skilled]
   unicorn horn       [Unskilled]
 Spellcasting Skills
   attack spells      [Unskilled]
   healing spells     [Unskilled]
   divination spells  [Unskilled]
   matter spells      [Unskilled]

Voluntary challenges:
 Character rerolling was not enabled.
 You never genocided any monsters.
 You never polymorphed an object.
 You never changed form.
 You used no wishes.
Achievements:
 You entered the Gnomish Mines.
 You attained the rank of Field Worker.
 You attained the rank of Investigator.

 The Dungeons of Doom: levels 1 to 7
    Level 1:
       An altar.
    Level 2:
       An altar, a fountain.
    Level 3:
    Level 4:
       Stairs down to The Gnomish Mines.
    Level 5:
       Many fountains.
    Level 6:
       Some fountains.
    Level 7:
 The Gnomish Mines:
    Level 5: <- You were here.
       Final resting place for
          you, killed by a crossbow bolt.


Vanquished creatures:
  a leprechaun
 an imp
  a pony
  a fog cloud
  a gnomish wizard
  3 elf zombies
  a straw golem
  2 paper golems
  2 giant ants
  a floating eye
  2 dwarves
  3 homunculi
  a rothe
  2 giant bats
 an orc zombie
  a werejackal
  3 iguanas
  2 acid blobs
  a coyote
  a manes
  2 large kobolds
  a yellow mold
  5 gnomes
  3 geckos
  4 jackals
  a goblin
  6 grid bugs
  a bat
  4 lichens
  a kobold zombie
  6 newts
65 creatures vanquished.

No species were genocided or became extinct.

Game over:
                       ----------
                      /          \
                     /    REST    \
                    /      IN      \
                   /     PEACE      \
                  /                  \
                  |  LDaviesPeters   |
                  |      202 Au      |
                  |   killed by a    |
                  |  crossbow bolt   |
                  |                  |
                  |                  |
                  |       2026       |
                 *|     *  *  *      | *
        _________)/\\_//(\/(/\)/\//\/|_)_______

Goodbye LDaviesPeters the Archeologist...

You died in The Gnomish Mines on dungeon level 5 with 1896 points,
and 202 pieces of gold, after 4227 moves.
You were level 6 with a maximum of 53 hit points when you died.

